 Dungeon Crawl Stone Soup version 0.29.0-4-gdea44cf6ec (webtiles) character file.

Game seed: 8704847796360338957

4664 SnakkuSnakku7 the Blocker (level 10, -7/77 HPs)
             Began as a Palentonga Summoner on Aug 27, 2022.
             Mangled by a gargoyle
             ... wielding a +0 mace
              (8 damage)
             ... on level 10 of the Dungeon.
             The game lasted 00:16:25 (10221 turns).

SnakkuSnakku7 the Blocker (Palentonga Summoner)    Turns: 10221, Time: 00:16:26

Health: -7/77      AC: 18    Str: 17    XL:     10   Next: 20%
Magic:  0/13       EV:  0    Int: 17    God:
Gold:   417        SH: 15    Dex: 12    Spells: 12/13 levels left

rFire   . . .      SeeInvis +   a - +3 flail
rCold   . . .      Faith    .   w - +0 tower shield
rNeg    . . .      Spirit   +   v - +0 plate armour
rPois   .          Reflect  .   (no helmet)
rElec   .          Harm     .   y - +2 cloak
rCorr   .          Rampage  .   (no gloves)
Will    .....                   (no barding)
Stlth   ..........              F - amulet of Duluug {Spirit Dex+2}
HPRegen 0.22/turn               (no ring)
MPRegen 0.13/turn               (no ring)

@: curled up
A: large, rugged brown scales 3, see invisible, deformed body, roll 1, armoured
tail, reflexive curl
a: Rolling Charge


You were on level 10 of the Dungeon.
You visited 1 branch of the dungeon, and saw 10 of its levels.
You also visited: Sewer.

You collected 466 gold pieces.
You spent 49 gold pieces at shops.

Inventory:

Hand Weapons
 a - a +3 flail (weapon)
 p - the +10 dagger "Lerius" {elec, *Rage rCorr Dex+3}
   (You found it on level 3 of the Dungeon)

   It occasionally discharges a powerful burst of electricity upon striking a
   foe.
   Dex:       It affects your dexterity (+3).
   *Rage:     It berserks you when you make melee attacks (+20% chance).
   rCorr:     It protects you from acid and corrosion.
Armour
 v - a +0 plate armour (worn)
 w - a +0 tower shield (worn)
 y - a +2 cloak (worn)
 D - a +0 pair of gloves
Jewellery
 B - a ring of fire
 F - the amulet of Duluug (around neck) {Spirit Dex+2}
   (You found it on level 7 of the Dungeon)

   [amulet of guardian spirit]

   It causes incoming damage to be divided between your reserves of health and
   magic.
   Dex:       It affects your dexterity (+2).
Wands
 b - a wand of digging (3)
 e - a wand of charming (14)
 C - a wand of flame (1)
 E - a wand of iceblast (2)
Scrolls
 c - a scroll of blinking
 k - a scroll of vulnerability
 m - 3 scrolls of silence
 n - 2 scrolls of summoning {unknown}
 o - 5 scrolls of teleportation
 q - a scroll of acquirement {unknown}
 r - a scroll of amnesia
 s - 2 scrolls of immolation
 u - 8 scrolls of fog {unknown}
 z - a scroll of magic mapping
 A - 3 scrolls of enchant weapon
Potions
 f - 4 potions of mutation
 g - a potion of lignification
 h - 4 potions of flight
 i - a potion of cancellation
 j - a potion of invisibility
 l - 4 potions of might
 t - 3 potions of curing
 x - a potion of attraction


   Skills:
 - Level 4.2 Fighting
 + Level 8.2 Maces & Flails
 - Level 1.5 Dodging
 - Level 1.2 Stealth
 - Level 10.0 Shields
 - Level 2.0 Spellcasting
 - Level 4.8 Summonings


You had 12 spell levels left.
You knew the following spells:

 Your Spells              Type           Power      Damage    Failure   Level
a - Summon Small Mammal   Summ           72%        N/A       100%        1

Your spell library contained the following spells:

 Spells                   Type           Power      Damage    Failure   Level
 Sting                    Tmut/Pois      4%         1d3       100%        1
 Call Imp                 Summ           18%        N/A       100%        2
 Poisonous Vapours        Pois/Air       2%         N/A       100%        2
 Call Canine Familiar     Summ           18%        N/A       100%        3
 Ignite Poison            Fire/Tmut/Pois 1%         N/A       100%        3
 Mephitic Cloud           Conj/Pois/Air  1%         N/A       100%        3
 Summon Guardian Golem    Hex/Summ       9%         N/A       100%        3
 Airstrike                Air            0%         2d(1-17)  100%        4
 Olgreb's Toxic Radiance  Pois           1%         N/A       100%        4
 Summon Lightning Spire   Summ/Air       9%         N/A       100%        4
 Freezing Cloud           Conj/Ice/Air   0%         6-21      100%        5
 Lightning Bolt           Conj/Air       0%         1d11      100%        5


Dungeon Overview and Level Annotations

Branches:
Dungeon (10/15)            Temple (0/1) D:6            Lair (0/5) D:9
    Orc (0/2) D:9           Sewer (visited)

Altars:
Ashenzari
Cheibriados
Elyvilon
Gozag
Kikubaaqudgha
Makhleb
Nemelex Xobeh
Ru
Sif Muna
Wu Jian
Yredelemnul
The Shining One

Shops:
D:3 *[


Innate Abilities, Weirdness & Mutations

You are completely covered in rugged brown scales. (AC +3, +7% HP)
You have supernaturally acute eyesight. (SInv)
Armour fits poorly on your strangely shaped body.
You can roll at nearby foes to attack.
You have a long armoured tail.
You curl defensively after being hit. (AC +7*)


Message History

You are too injured to fight recklessly!
You are too injured to fight recklessly!
You are too injured to fight recklessly!
You hit the gargoyle but do no damage.
The gargoyle is heavily damaged.
You block the gargoyle's attack. x2
You hit the gargoyle but do no damage.
You tail-slap the gargoyle, but do no damage.
The gargoyle is heavily damaged.
The gargoyle hurls a stone arrow at you.
The stone arrow hits you!!
* * * LOW HITPOINT WARNING * * *
You hit the gargoyle.
The gargoyle is severely damaged.
The gargoyle hits you with a +0 mace!
* * * LOW HITPOINT WARNING * * *
Aiming: Corrosive Bolt
Press: ? - help, Shift-Dir - straight line, f/p - gargoyle
Aim: a gargoyle, wielding a +0 mace (severely damaged, 86% to hit)
The bolt of acid hits the gargoyle but does no damage.
The gargoyle is severely damaged.
You block the gargoyle's attack.
Unknown command.
Unknown command.
Aiming: Corrosive Bolt
Press: ? - help, Shift-Dir - straight line, f/p - gargoyle
Aim: a gargoyle, wielding a +0 mace (severely damaged, 86% to hit)
The bolt of acid hits the gargoyle but does no damage.
The gargoyle is severely damaged.
The gargoyle hurls a stone arrow at you.
The stone arrow hits you!
* * * LOW HITPOINT WARNING * * *
Unknown command.
Aiming: Corrosive Bolt
Press: ? - help, Shift-Dir - straight line, f/p - gargoyle
Aim: a gargoyle, wielding a +0 mace (severely damaged, 86% to hit)
The bolt of acid hits the gargoyle but does no damage.
The gargoyle is severely damaged.
The now-empty wand crumbles to dust.
The gargoyle hits you with a +0 mace!
You die...

...# ##.# #......#
##'##### #......#
.......# #......#
.......# #......#
.......# #......#
.......### #......+
.......'.### #9.....#
.......#...#####@.....#
###+######.....'......#
#######......# ########


You could see a gargoyle.

Vanquished Creatures
  Pikel (D:4)
  Prince Ribbit (D:5)
  4 yaks
  A wyvern (D:7)
  A steam dragon (D:7)
  An orc warrior (D:9)
  A black bear (D:6)
  3 phantoms
  4 centaurs
  A lemure (D:4)
  A kobold brigand (D:8)
  A gnoll sergeant (D:7)
  A bullfrog (D:8)
  A scorpion (D:7)
  3 wights (D:8)
  3 troll zombies (D:9)
  16 killer bees
  2 howler monkeys (D:9)
  2 hounds
  8 orc priests
  A jelly (D:5)
  Terence (D:3)
  7 iguanas
  9 orc wizards
  4 ogre zombies (D:9)
  7 adders
  A gnoll (D:7)
  2 river rats (Sewer)
  A shadow imp (D:6)
  An ufetubus (D:5)
  3 dart slugs
  27 orcs
  8 ball pythons
  9 bats
  5 endoplasms
  19 giant cockroaches
  4 goblins
  11 hobgoblins
  5 jackals
  4 quokkas
  3 frilled lizards
  A goblin zombie (D:9)
  3 hobgoblin skeletons (D:9)
  3 hobgoblin zombies (D:9)
  9 kobolds
  4 orc skeletons (D:9)
  14 orc zombies (D:9)
  7 rats
229 creatures vanquished.

Vanquished Creatures (collateral kills)
  An orc priest (D:7)
  2 orcs (D:7)
3 creatures vanquished.

Vanquished Creatures (others)
  An orc warrior (D:7)
  2 gnolls (D:7)
  A butterfly (D:3)
  3 fungi
  8 plants
15 creatures vanquished.

Grand Total: 247 creatures vanquished

Notes
Turn   | Place    | Note
-------+----------+-------------------------------------------
     0 | D:1      | SnakkuSnakku7 the Palentonga Summoner began the quest for
                  | the Orb.
     0 | D:1      | Reached XP level 1. HP: 13/13 MP: 3/3
   389 | D:1      | Reached XP level 2. HP: 17/20 MP: 5/5
  1094 | D:2      | Reached XP level 3. HP: 25/25 MP: 6/6
  1614 | D:2      | You fall into a shaft and drop 1 floor!
  1615 | D:3      | Found Bucem's Armour Boutique.
  1630 | D:3      | Found an opulent altar of Gozag.
  1705 | D:3      | Found an ornate altar of the Wu Jian Council.
  1769 | D:3      | Reached XP level 4. HP: 16/32 MP: 3/7
  1779 | D:3      | HP: 1/32 [orc/+0 short sword (3)]
  2102 | D:3      | Found Xutuim's Assorted Antiques.
  2230 | D:3      | Found a white marble altar of Elyvilon.
  2237 | D:3      | Noticed Terence
  2240 | D:3      | Reached skill level 1 in Fighting
  2877 | D:3      | Killed Terence
  2878 | D:3      | Reached XP level 5. HP: 24/41 MP: 5/8
  3139 | D:3      | Reached skill level 1 in Maces & Flails
  3143 | D:3      | Identified the +10 dagger "Lerius" {elec, *Rage rCorr
                  | Dex+3}
  3444 | D:3      | Bought a +0 tower shield for 49 gold pieces
  3510 | D:4      | Reached skill level 1 in Shields
  3681 | D:4      | Found a glowing drain.
  3687 | D:4      | Reached skill level 2 in Shields
  3701 | Sewer    | Entered a sewer
  3743 | Sewer    | Reached XP level 6. HP: 49/49 MP: 9/9
  4005 | D:4      | Noticed Pikel
  4011 | D:4      | Killed Pikel
  4012 | D:4      | Reached skill level 5 in Shields
  4012 | D:4      | Gained mutation: You curl defensively after being hit. (AC
                  | +7*) [Palentonga growth]
  4012 | D:4      | Reached XP level 7. HP: 31/54 MP: 7/10
  4423 | D:5      | Entered Level 5 of the Dungeon
  4485 | D:5      | Reached skill level 6 in Shields
  4547 | D:5      | Found a glowing golden altar of the Shining One.
  4865 | D:5      | Noticed Prince Ribbit
  4916 | D:5      | Killed Prince Ribbit
  4917 | D:5      | Reached skill level 7 in Shields
  4917 | D:5      | Reached XP level 8. HP: 36/60 MP: 11/11
  5228 | D:6      | Found an ancient bone altar of Kikubaaqudgha.
  5390 | D:6      | Found a basalt altar of Yredelemnul.
  5667 | D:6      | Reached skill level 8 in Shields
  5686 | D:6      | Found a sacrificial altar of Ru.
  5774 | D:6      | Found a burning altar of Makhleb.
  6003 | D:6      | Found a staircase to the Ecumenical Temple.
  6170 | D:7      | Reached skill level 9 in Shields
  6355 | D:7      | Identified the +0 pair of boots of Grot {rN+ rCorr Str-4
                  | Int+5}
  6457 | D:7      | Noticed a troll
  6507 | D:7      | Identified the amulet of Duluug {Spirit Dex+2}
  6722 | D:7      | Reached XP level 9. HP: 8/66 MP: 1/12
  7046 | D:7      | Found a sparkling altar of Nemelex Xobeh.
  7250 | D:7      | Reached skill level 10 in Shields
  8039 | D:9      | Reached skill level 5 in Maces & Flails
  8718 | D:9      | Found a snail-covered altar of Cheibriados.
  8806 | D:9      | Reached XP level 10. HP: 57/77 MP: 9/13
  9070 | D:9      | Found a staircase to the Lair.
  9247 | D:9      | Found a staircase to the Orcish Mines.
  9368 | D:9      | Found a shimmering blue altar of Sif Muna.
  9368 | D:9      | Found a broken altar of Ashenzari.
  9454 | D:9      | HP: 3/77 [poisoned by a killer bee]
  9455 | D:9      | HP: 1/77 [poisoned by a killer bee]
 10154 | D:10     | Entered Level 10 of the Dungeon
 10208 | D:10     | Noticed a gargoyle
 10220 | D:10     | HP: 1/77 [gargoyle/stone arrow (11)]
 10221 | D:10     | Mangled by a gargoyle

Illustrated notes

Levels and vault maps discovered:
D:1:      ebering_hopf_link, layout_basic
D:2:      layout_basic
D:3:      minmay_roachtagon, layout_rooms, mainiacjoe_overflow_surrounded_room,
          nzn_wu_jian_council_hall, nicolae_elyvilon_peaceful_grove,
          serial_shops, shop, shop, uniq_terence
D:4:      layout_loops_ring, portal_sewer_entry_b, uniq_pikel
D:5:      layout_cave_pods, tso_oasis_becter, uniq_prince_ribbit1
D:6:      layout_loops_corners, kennysheep_little_box,
          nicolae_ru_the_path_less_chosen, mainiacjoe_overflow_six_doors_small,
          kiku_gazebo_pond_becter, minmay_temple_entry_glassed_door,
          chequers_decorated_corner
D:7:      layout_basic, nemelex_diamond_rough_becter,
          ebering_dispersal_statue_hall, grunt_ministairs_8,
          lightli_corner_chamber
D:8:      layout_loops_ring, st_stairs_8, skrybe_limestone_x
D:9:      layout_basic, gammafunk_temple_overflow_wave,
          mainiacjoe_overflow_alcove_2, dpeg_oklobed_lair, zombieorc2_lemuel
D:10:     layout_roguey, marbit_many_paths, amcnicky_altar_gilded

Skill      XL: |  1  2  3  4  5  6  7  8  9 10 |
---------------+-------------------------------+-----
Summonings     | 4 |  4.8
Fighting       | 2 4 |  4.2
Maces & Flails | 1 7 8 |  8.2
Shields        | 2 5 7 9 10 | 10.0
Dodging        | |  1.5
Stealth        | |  1.2
Spellcasting   | |  2.0

Action                   |  1- 3 |  4- 6 |  7- 9 | 10-12 || total
-------------------------+-------+-------+-------+-------++-------
Melee: Dagger            |    26 |    67 |   289 |    27 ||   409
       Short sword       |   147 |    25 |       |       ||   172
       Tailslap          |    15 |    19 |    32 |     8 ||    74
       Punch             |     2 |     2 |       |       ||     4
       Trident           |       |    26 |       |       ||    26
       Flail             |       |    44 |       |    66 ||   110
 Cast: Summon Small Mamm |     4 |       |       |       ||     4
 Abil: Rolling Charge    |       |       |     1 |       ||     1
Evoke: Wand              |       |       |     6 |     4 ||    10
  Use: Potion            |       |     1 |     5 |       ||     6
       Scroll            |       |       |    15 |     1 ||    16
 Stab: Sleeping          |     3 |       |       |       ||     3
Armor: Robe              |    74 |       |       |       ||    74
       Chain mail        |    38 |    22 |       |       ||    60
       Plate armour      |       |   222 |   118 |    42 ||   382
Dodge: Dodged            |    96 |    35 |     3 |     2 ||   136
Block: Tower shield      |       |    40 |   251 |    99 ||   390
